Map: Triton LE

Players

Maru - Winner!

  • Race: Terran Terran
  • Spawn Location: 11:00

soO

  • Race: Zerg Zerg
  • Spawn Location: 5:00

VOD

Have the link to the VOD?

Description

Time

  • Played on: Dec. 3, 2019, 7:41 a.m.
  • Length: 22:28
Show
View Real Time Build Order
Export as new Build Order

Maru Terran - Winner!

Build Orders: Reaper Expand, Mech 

Get SALT Encoding   

  12  0:00  SCV  
  13  0:12  SCV  
  14  0:17  Supply Depot  
  14  0:25  SCV  
  15  0:38  SCV  
  15  0:39  Barracks  
  16  0:43  Refinery  
  16  0:51  SCV  
  17  1:03  SCV  
  18  1:15  SCV  
  19  1:27  Orbital Command, Reaper  
  20  1:39  Command Center  
  20  1:50  Supply Depot  
  20  1:52  SCV  
  21  1:59  Marine  
  22  2:04  SCV  
  22  2:08  Factory  
  23  2:13  Refinery  
  23  2:17  SCV  
  23  2:20  Barracks Reactor  
  24  2:29  SCV  
  25  2:41  SCV  
  26  2:51  Orbital Command  
  26  2:53  SCV, Starport  
  27  3:01  Hellion x2  
  27  3:02  Marine  
  27  3:05  SCV  
  33  3:13  Supply Depot  
  33  3:17  SCV x2  
  35  3:25  Hellion x2  
  39  3:29  SCV  
  39  3:31  Fusion Core  
  39  3:33  SCV  
  41  3:34  Starport Tech Lab  
  41  3:38  Supply Depot  
  42  3:41  SCV  
  42  3:49  SCV  
  42  3:53  SCV  
  44  4:01  Command Center  
  46  4:03  SCV  
  45  4:13  SCV  
  45  4:15  SCV  
  47  4:19  Battlecruiser  
  47  4:23  Supply Depot  
  53  4:25  SCV  
  53  4:26  Hellion  
  53  4:27  SCV, Hellion  
  59  4:34  Supply Depot  
  59  4:37  SCV  
  60  4:39  SCV  
  61  4:48  Hellion  
  61  4:49  Refinery, SCV, Hellion  
  61  4:51  SCV  
  67  4:52  Refinery  
  67  5:02  SCV  
  67  5:03  SCV, Factory  
  67  5:04  Factory  
  69  5:09  Hellion  
  69  5:10  Hellion  
  69  5:14  SCV, Orbital Command  
  74  5:15  SCV  
  75  5:26  SCV  
  75  5:28  SCV  
  77  5:32  Hellion x2  
  79  5:38  SCV  
  79  5:40  Battlecruiser  
  79  5:41  SCV, Orbital Command  
  83  5:45  Supply Depot  
  83  5:49  Factory Tech Lab  
  83  5:50  SCV, Factory Tech Lab  
  83  5:53  SCV  
  85  5:58  Refinery  
  85  6:02  SCV, Weapon Refit  
  86  6:06  SCV  
  86  6:07  Refinery  
  86  6:09  SCV  
  88  6:13  Siege Tank  
  88  6:14  SCV, Engineering Bay  
  88  6:15  Supply Depot  
  88  6:16  Siege Tank  
  88  6:18  SCV  
  96  6:21  SCV  
  93  6:26  SCV  
  93  6:30  SCV, Hellion x2  
  96  6:34  SCV  
  96  6:38  SCV  
  94  6:43  Supply Depot  
  94  6:45  SCV  
  94  6:46  SCV, Siege Tank  
  99  6:48  Siege Tank  
  99  6:50  Missile Turret  
  99  6:51  SCV, Supply Depot  
  99  6:52  Hellion x2  
  107  6:54  Missile Turret  
  107  6:57  SCV  
  108  7:04  Supply Depot  
  108  7:05  Battlecruiser  
  108  7:06  Supply Depot  
  108  7:07  SCV x2  
  116  7:09  SCV  
  116  7:10  Supply Depot  
  116  7:13  Command Center  
  117  7:19  Armory  
  117  7:20  Armory  
  121  7:22  Hellion  
  121  7:23  Hellion  
  117  7:34  Siege Tank x2  
  123  7:44  Hellion x2  
  123  7:48  SCV x3  
  126  7:54  Missile Turret, Orbital Command  
  126  8:00  SCV x2  
  131  8:05  Hellion x2  
  131  8:06  Siege Tank x2  
  131  8:12  SCV x2  
  136  8:18  Terran Vehicle Weapons Level 1, Terran Vehicle And Ship Armor Level 1  
  135  8:24  SCV  
  130  8:28  SCV  
  130  8:29  SCV, Battlecruiser  
  131  8:36  SCV  
  131  8:41  SCV, Siege Tank  
  127  8:42  Hellion  
  127  8:47  SCV  
  127  8:48  SCV  
  134  8:53  SCV  
  135  8:59  SCV  
  135  9:00  SCV  
  136  9:05  SCV, Missile Turret  
  136  9:08  Supply Depot  
  137  9:10  Factory x2  
  137  9:11  SCV  
  137  9:12  SCV, Infernal Pre-Igniter  
  139  9:17  SCV  
  139  9:18  Planetary Fortress  
  139  9:21  Siege Tank  
  139  9:22  Hellion  
  139  9:23  SCV  
  146  9:24  SCV  
  146  9:29  SCV  
  146  9:30  Hellion, Siege Tank  
  153  9:36  SCV x2, Missile Turret  
  153  9:38  Refinery, Missile Turret  
  155  9:39  Supply Depot, Refinery  
  155  9:41  SCV  
  155  9:43  Hellion  
  158  9:48  SCV  
  159  9:54  Supply Depot  
  159  9:55  Supply Depot  
  159  9:58  Supply Depot  
  159  10:00  Battlecruiser  
  159  10:01  Hellion  
  159  10:06  Factory Reactor, Factory Tech Lab  
  170  10:10  Hellion  
  172  10:15  Terran Vehicle Weapons Level 2  
  175  10:23  Hellion  
  175  10:24  Thor x2  
  179  10:31  Thor  
  179  10:33  SCV, Hellion  
  178  10:42  Command Center  
  178  10:44  Hellion  
  178  10:47  Hellion x2  
  184  10:51  Terran Vehicle And Ship Armor Level 2  
  184  10:58  Command Center  
  184  11:05  Battlecruiser  
  184  11:07  Thor  
  186  11:33  Hellion, Thor  
  186  11:34  Hellion  
  196  11:45  Command Center  
  196  11:52  Siege Tank  
  196  11:53  Hellion, Thor  
  179  12:07  Hellion x2  
  144  12:16  Siege Tank  
  144  12:19  Factory x2  
  144  12:20  Factory  
  144  12:21  Command Center  
  147  12:24  Hellion, Siege Tank  
  147  12:25  Battlecruiser  
  158  12:31  Command Center  
  158  12:36  Planetary Fortress, Siege Tank  
  161  12:40  Command Center  
  161  12:54  Siege Tank  
  161  12:55  Hellion x3  
  161  12:56  Missile Turret, Siege Tank  
  161  12:58  Missile Turret  
  173  13:01  Command Center  
  173  13:09  Terran Vehicle Weapons Level 3  
  173  13:12  Missile Turret  
  173  13:16  Missile Turret  
  173  13:26  Siege Tank  
  173  13:27  Hellion, Siege Tank  
  176  13:28  Factory Reactor, Factory Tech Lab x2  
  176  13:32  Terran Vehicle And Ship Armor Level 3  
  176  13:33  Missile Turret  
  175  13:42  Thor  
  175  13:43  Hellion x3  
  175  13:47  Missile Turret  
  189  13:48  Hellion  
  189  13:51  Orbital Command x2  
  189  13:54  Missile Turret  
  187  14:11  Thor x2  
  198  14:23  Planetary Fortress  
  198  14:37  Missile Turret  
  196  14:39  Missile Turret  
  196  14:40  Missile Turret  
  196  14:42  Missile Turret, Siege Tank x2  
  194  14:51  Hellion, Siege Tank  
  185  14:54  Hellion x2  
  185  14:55  Hellion  
  185  14:59  Refinery  
  180  15:00  Refinery x2  
  180  15:02  Refinery  
  180  15:03  Planetary Fortress  
  180  15:05  Missile Turret x2  
  180  15:07  Missile Turret x2  
  178  15:18  Hellion x5  
  190  15:26  Thor x3  
  191  15:39  Thor  
  183  15:53  Thor  
  177  16:09  Thor x2  
  177  16:10  Thor  
  190  16:18  Smart Servos  
  190  16:21  Thor  
  187  16:29  Hellion  
  187  16:30  Hellion x3  
  187  16:31  Refinery  
  188  16:33  Refinery  
  188  16:35  Thor  
  187  16:43  Hellion x2  
  169  16:52  Siege Tank x2  
  169  16:53  Thor  
  181  16:58  Hellion x3  
  187  17:04  Thor  
  195  17:08  SCV x4  
  195  17:09  SCV  
  195  17:14  Hellion x2  
  200  17:42  Command Center  
  192  17:44  Refinery  
  192  17:53  Thor  
  198  18:01  Command Center  
  198  18:02  Command Center  
  198  18:04  Hellion  
  196  18:18  Thor x2  
  196  18:19  Hellion x3, Thor  
  175  18:30  Thor  
  175  18:34  Hellion  
  153  18:36  Thor  
  154  18:43  Hellion x4  
  156  18:56  Hellion  
  156  18:59  Missile Turret  
  156  19:01  Thor, Siege Tank  
  161  19:06  Thor  
  167  19:13  Thor  
  173  19:18  Thor  
  173  19:21  Orbital Command x2  
  179  19:29  Planetary Fortress  
  179  19:33  Thor  
  185  19:44  Hellion x3, Thor  
  185  19:49  Thor  
  191  19:53  Hellion  
  191  19:56  Siege Tank  
  196  20:02  Siege Tank  
  164  20:16  Hellion x2, Thor  
  154  20:27  Thor  
  154  20:28  Hellion, Siege Tank  
  151  20:32  Siege Tank  
  151  20:33  Thor  
  151  20:34  Hellion x3  
  167  20:37  Hellion  
  167  20:39  Factory  
  167  20:40  Factory  
  169  20:44  Hellion  
  169  20:49  Hellion  
  173  20:59  Thor  
  173  21:00  Thor  
  173  21:01  Hellion  
  185  21:04  Siege Tank  
  185  21:05  Orbital Command  
  185  21:06  Hellion x2  
  185  21:10  Siege Tank  
  190  21:16  Siege Tank  
  190  21:18  Hellion x2  
  197  21:25  Hellion x2  
  195  21:36  Siege Tank  
  195  21:38  Command Center  
  196  21:41  Command Center  
  196  21:42  Siege Tank x2  
  196  21:43  Siege Tank  
  197  21:49  Hellion, Siege Tank  
  188  22:00  Hellion  
  175  22:01  Factory Tech Lab x2  
Show
View Real Time Build Order
Export as new Build Order

soO Zerg 

Build Orders: Hatch First, Brood Lord Corruptor, Swarm Host 

Get SALT Encoding   

  12  0:00  Drone  
  13  0:12  Overlord  
  13  0:16  Drone  
  14  0:30  Drone x2  
  16  0:48  Hatchery  
  15  0:50  Drone  
  15  0:54  Drone  
  17  0:57  Drone  
  18  1:07  Extractor  
  17  1:12  Spawning Pool  
  17  1:16  Drone  
  17  1:20  Drone  
  18  1:27  Drone  
  19  1:38  Drone  
  20  1:48  Overlord  
  20  1:59  Queen x2  
  24  2:04  Zergling x2  
  24  2:05  Zergling x2  
  26  2:16  Hatchery  
  26  2:20  Drone  
  26  2:22  Drone  
  27  2:24  Drone  
  28  2:30  Metabolic Boost  
  28  2:33  Drone  
  29  2:42  Queen  
  31  2:47  Overlord  
  31  2:50  Drone  
  32  2:54  Drone x2  
  32  2:58  Drone x2  
  36  3:09  Drone x2  
  36  3:11  Drone x2  
  40  3:15  Drone  
  40  3:17  Overlord  
  41  3:20  Queen  
  41  3:23  Drone  
  44  3:29  Queen, Drone  
  44  3:32  Drone  
  48  3:35  Drone  
  48  3:37  Drone  
  50  3:42  Zergling x4  
  50  3:43  Drone  
  50  3:44  Drone  
  54  3:50  Drone x2  
  56  3:56  Queen  
  58  4:03  Overlord  
  58  4:09  Roach Warren  
  57  4:15  Overlord  
  57  4:21  Overlord  
  57  4:22  Drone  
  57  4:24  Lair  
  58  4:26  Extractor  
  58  4:27  Drone  
  58  4:30  Overlord  
  58  4:33  Queen  
  58  4:34  Drone x2  
  58  4:35  Drone x4  
  58  4:37  Overlord  
  66  4:40  Drone  
  66  4:41  Drone  
  66  4:43  Drone x4  
  66  4:44  Drone x2  
  74  4:48  Drone  
  74  4:49  Drone x4  
  74  4:52  Extractor x2  
  77  4:54  Spore Crawler  
  77  4:59  Roach x2  
  80  5:01  Roach  
  80  5:02  Spore Crawler  
  80  5:03  Roach, Spore Crawler  
  80  5:06  Roach  
  84  5:08  Drone  
  85  5:15  Drone x3  
  85  5:17  Drone x2  
  85  5:20  Extractor  
  85  5:21  Extractor  
  88  5:22  Roach  
  88  5:27  Overlord  
  90  5:29  Spire  
  90  5:30  Drone x2  
  90  5:31  Drone x2  
  84  5:35  Drone  
  84  5:36  Drone  
  84  5:38  Drone  
  84  5:42  Drone x4  
  89  5:46  Drone x2  
  89  5:47  Glial Reconstitution  
  91  5:50  Drone x3  
  96  6:04  Roach  
  96  6:07  Overlord  
  96  6:10  Overlord  
  96  6:11  Overlord  
  96  6:13  Hatchery  
  96  6:16  Overlord  
  94  6:30  Drone x2  
  94  6:32  Drone x4  
  87  6:42  Corruptor x6  
  99  6:51  Corruptor x3  
  105  6:58  Roach x4  
  105  7:00  Drone  
  114  7:03  Drone x2  
  114  7:04  Roach  
  114  7:08  Roach x2  
  122  7:16  Roach x3  
  128  7:29  Roach x4  
  133  7:39  Roach  
  133  7:42  Overlord  
  135  7:48  Ravager x2  
  135  7:50  Overlord  
  135  7:51  Overlord  
  135  7:58  Overlord  
  135  8:00  Overlord  
  135  8:01  Infestation Pit  
  135  8:02  Drone x3  
  137  8:08  Drone x6  
  137  8:09  Drone  
  137  8:11  Evolution Chamber  
  137  8:12  Evolution Chamber  
  142  8:13  Infestation Pit  
  142  8:14  Drone  
  142  8:17  Ravager x2  
  142  8:18  Drone x10  
  142  8:28  Roach x8  
  142  8:30  Roach  
  149  8:35  Roach x2  
  149  8:43  Corruptor x2  
  149  8:46  Extractor x2  
  147  8:57  Zerg Missile Weapons Level 1, Zerg Ground Armor Level 1  
  145  9:03  Overlord  
  145  9:04  Ravager  
  145  9:08  Swarm Host x8  
  168  9:15  Corruptor  
  170  9:17  Overlord x2  
  170  9:23  Corruptor  
  172  9:25  Overlord, Swarm Host x2  
  178  9:36  Swarm Host x2, Ravager  
  185  9:40  Swarm Host x2  
  191  9:46  Swarm Host  
  191  9:48  Swarm Host  
  197  9:56  Corruptor  
  197  9:59  Hatchery, Corruptor  
  191  10:20  Corruptor x2  
  192  10:25  Drone x3  
  187  10:39  Drone x4  
  187  10:42  Ravager x2  
  193  10:45  Roach x2  
  193  10:47  Ravager  
  193  10:49  Spine Crawler  
  197  10:50  Spine Crawler  
  197  10:54  Ravager x3  
  199  11:00  Ravager  
  194  11:16  Corruptor x4  
  200  11:20  Zerg Ground Armor Level 2, Zerg Missile Weapons Level 2  
  200  11:21  Hive  
  198  11:37  Drone x2, Baneling Nest  
  191  11:58  Roach  
  132  12:08  Swarm Host x5  
  132  12:09  Swarm Host x2  
  132  12:13  Roach x12  
  171  12:18  Drone  
  171  12:19  Extractor, Queen, Drone x2  
  171  12:20  Extractor  
  174  12:23  Roach x12  
  198  12:33  Centrifugal Hooks  
  198  12:46  Ravager x2  
  194  12:58  Greater Spire  
  194  13:03  Ravager x3  
  194  13:05  Corruptor  
  197  13:08  Zergling x2  
  200  13:36  Zerg Melee Weapons Level 1  
  194  13:52  Ravager  
  194  13:53  Ravager x3  
  198  13:59  Zerg Missile Weapons Level 3  
  198  14:09  Baneling x2  
  198  14:15  Zergling x4  
  200  14:39  Hatchery  
  191  14:47  Brood Lord x5  
  191  14:52  Corruptor x5  
  194  14:58  Brood Lord x2, Corruptor x4  
  194  14:59  Corruptor  
  195  15:01  Zergling x6  
  195  15:02  Zergling x8  
  195  15:18  Corruptor x2  
  196  15:30  Zerg Ground Armor Level 3  
  196  15:31  Zergling x2, Roach x3  
  196  15:48  Corruptor x2  
  196  15:49  Corruptor  
  195  16:04  Roach x3  
  151  16:49  Corruptor x6  
  160  16:54  Hatchery  
  160  16:55  Zerg Flyer Weapons Level 1  
  156  17:07  Brood Lord  
  156  17:08  Brood Lord  
  160  17:09  Brood Lord x2  
  160  17:12  Roach  
  160  17:13  Roach x11  
  188  17:19  Ravager x2  
  190  17:24  Roach x5  
  188  17:47  Corruptor  
  188  17:48  Corruptor x3  
  199  17:51  Ravager  
  199  17:57  Ravager  
  199  17:58  Ravager x2  
  180  18:05  Zergling x10  
  180  18:06  Zergling x12  
  108  18:38  Roach x12  
  126  18:44  Roach x4  
  131  19:02  Drone x3  
  132  19:17  Brood Lord  
  132  19:18  Brood Lord x4  
  142  19:27  Drone x2  
  144  19:32  Ravager x2  
  144  19:37  Extractor  
  145  19:49  Ravager  
  145  19:51  Zergling x2, Roach x2  
  145  19:52  Zergling x4  
  151  19:53  Drone x3  
  154  20:01  Zergling x2, Roach x2  
  154  20:02  Zergling x8  
  141  20:12  Roach x2  
  141  20:15  Zergling x4  
  141  20:16  Zergling x2  
  129  20:25  Roach  
  125  20:41  Zergling x16  
  124  21:13  Drone x2  
  124  21:15  Extractor  
  124  21:16  Extractor, Drone x2  
  122  21:26  Zergling x22  
  122  21:30  Ravager, Baneling  
  122  21:31  Baneling  
  122  21:32  Drone  
  132  21:45  Zergling x4, Roach x2  
  131  21:50  Roach  
  131  21:51  Roach  
  119  21:54  Roach  
  119  21:56  Roach  
  119  22:01  Zergling x6, Roach  
Tags
 
Add a new tag
Caveats
  • Supply blocks, unpowered buildings, or Contaminate may cause inaccurate times.
  • Supply counts are checked every 10 seconds.